Map: New Repugnancy LE

Players

Serral

  • Race: Zerg Zerg
  • League: Grandmaster
  • Spawn Location: 1:00

llllllllllll (Stats) - Winner!

  • Race: Protoss Protoss
  • League: Master
  • Spawn Location: 7:00

Event: 2019 Assembly Summer

VOD

Have the link to the VOD?

Description

Time

  • Played on: Aug. 3, 2019, 12:42 p.m.
  • Length: 18:39

All games in this series

Show
View Real Time Build Order
Export as new Build Order

Serral Zerg 

Build Orders: Hatch First, Swarm Host 

Get SALT Encoding   

  12  0:00  Drone  
  13  0:12  Overlord  
  13  0:16  Drone  
  14  0:30  Drone x2  
  16  0:48  Hatchery  
  15  0:51  Drone  
  15  0:55  Drone  
  17  0:58  Drone  
  18  1:09  Extractor  
  17  1:14  Spawning Pool  
  17  1:17  Drone  
  17  1:21  Drone  
  18  1:27  Drone  
  19  1:39  Drone  
  20  1:50  Overlord  
  20  2:01  Queen  
  20  2:02  Queen  
  20  2:03  Zergling x4  
  26  2:09  Metabolic Boost  
  26  2:11  Drone  
  26  2:15  Drone  
  28  2:21  Drone x2  
  30  2:32  Drone x2  
  31  2:45  Hatchery  
  31  2:47  Zergling x2  
  31  2:49  Overlord  
  31  2:55  Queen  
  31  2:58  Drone  
  34  2:59  Drone  
  35  3:15  Drone x2  
  35  3:17  Drone x6  
  43  3:21  Overlord  
  43  3:25  Overlord  
  43  3:29  Drone  
  44  3:37  Overlord  
  44  3:39  Drone, Queen  
  47  3:44  Zergling x4  
  47  3:45  Drone x2  
  51  3:50  Spore Crawler  
  51  3:54  Drone x2  
  52  3:57  Queen  
  52  4:00  Spore Crawler  
  52  4:02  Drone x2  
  55  4:05  Drone x2  
  55  4:08  Drone  
  58  4:11  Overlord  
  58  4:12  Drone  
  58  4:17  Zergling x2  
  60  4:23  Roach Warren  
  59  4:27  Lair  
  59  4:28  Drone x2  
  61  4:32  Spore Crawler, Extractor x2  
  61  4:33  Zergling x2  
  61  4:35  Drone  
  61  4:36  Drone  
  61  4:39  Overlord  
  61  4:40  Drone  
  61  4:42  Drone  
  61  4:43  Drone x2  
  65  4:48  Zergling x2  
  65  4:54  Zergling x2  
  65  4:56  Drone x6  
  72  5:01  Drone  
  73  5:09  Drone x5  
  75  5:15  Overlord  
  72  5:21  Roach x2  
  72  5:28  Overseer, Extractor  
  75  5:31  Overlord  
  71  5:37  Overlord  
  71  5:38  Drone x2  
  71  5:42  Roach x4  
  80  5:45  Ravager  
  81  5:51  Evolution Chamber  
  79  5:58  Roach x5  
  79  6:02  Overlord  
  79  6:03  Overlord  
  88  6:06  Glial Reconstitution  
  88  6:07  Ravager x2  
  90  6:12  Ravager  
  90  6:13  Zergling x16  
  95  6:26  Infestation Pit  
  95  6:28  Drone x5  
  95  6:31  Drone x7  
  105  6:43  Zergling x6  
  91  6:57  Roach x6  
  95  7:03  Extractor  
  95  7:04  Drone, Extractor  
  95  7:05  Drone x2  
  95  7:06  Drone x2  
  98  7:08  Drone  
  98  7:09  Zerg Missile Weapons Level 1  
  98  7:10  Roach x3  
  105  7:28  Overlord  
  105  7:29  Swarm Host x5  
  120  7:31  Overlord  
  120  7:36  Overlord  
  120  7:46  Swarm Host x3, Overlord x2  
  129  7:52  Drone x2  
  129  7:53  Swarm Host x2  
  137  8:00  Hatchery  
  137  8:03  Roach x5  
  147  8:13  Roach x4  
  147  8:19  Ravager x3  
  154  8:28  Drone x2  
  154  8:29  Drone x2  
  152  8:36  Roach x5  
  162  8:48  Overlord x3  
  161  8:50  Overlord  
  161  8:52  Overlord  
  161  8:54  Overlord  
  159  8:57  Overlord x2  
  157  9:12  Swarm Host x5  
  157  9:15  Roach x6  
  182  9:19  Zerg Missile Weapons Level 2  
  171  9:29  Roach x5  
  171  9:31  Zergling x2  
  176  9:38  Ravager x2  
  172  9:39  Zergling x10  
  177  9:45  Zergling x2  
  177  9:46  Zergling x8  
  182  10:01  Roach x5  
  184  10:09  Ravager  
  184  10:12  Ravager x2  
  184  10:17  Roach x6  
  183  10:36  Roach x8  
  199  10:50  Ravager  
  187  11:09  Roach x9  
  192  11:16  Roach x7  
  182  11:26  Spore Crawler  
  182  11:28  Baneling Nest  
  182  11:30  Zergling x20  
  190  11:32  Ravager  
  190  11:33  Ravager x4  
  185  11:49  Roach x3, Zergling x18  
  200  11:56  Zerg Melee Weapons Level 1  
  194  12:13  Centrifical Hooks  
  192  12:18  Roach x8  
  194  12:29  Roach x2  
  198  12:30  Roach x4  
  190  12:46  Roach  
  190  12:47  Roach x6  
  197  12:58  Ravager x3  
  196  13:24  Pneumatized Carapace  
  196  13:25  Overseer x2  
  196  13:29  Ravager  
  196  13:30  Drone x3  
  196  13:55  Zergling x16  
  200  14:01  Zerg Melee Weapons Level 2  
  186  14:15  Baneling x16  
  186  14:33  Hatchery  
  181  14:59  Roach x14  
  194  15:05  Hive  
  194  15:08  Tunneling Claws, Spire  
  194  15:09  Burrow  
  193  15:27  Spire  
  192  15:29  Spore Crawler  
  192  15:30  Spore Crawler  
  192  15:31  Spore Crawler  
  192  15:33  Spore Crawler  
  192  15:35  Hydralisk Den  
  152  15:44  Zergling x32  
  152  15:45  Zergling x4  
  152  15:47  Zergling x32  
  159  16:22  Corruptor x9  
  179  16:31  Baneling x4  
  179  16:32  Roach x4  
  185  16:33  Ravager  
  185  16:34  Ravager x7  
  185  16:36  Baneling x7  
  193  16:50  Baneling x5  
  191  16:55  Hatchery  
  191  17:00  Zergling x12  
  146  17:17  Corruptor x4  
  148  17:28  Corruptor x2  
  152  17:37  Corruptor  
  151  17:48  Corruptor  
  151  17:49  Corruptor x2  
  157  17:52  Roach  
  156  17:59  Overseer  
  156  18:04  Roach  
  156  18:05  Roach x3  
  164  18:07  Ravager x2  
  164  18:12  Drone x3, Extractor  
Show
View Real Time Build Order
Export as new Build Order

llllllllllll Protoss - Winner!

Build Orders: 1 Gate Expand, Oracle Opening, Phoenix Opening, Carriers 

Get SALT Encoding   

  12  0:00  Probe  
  13  0:12  Probe  
  14  0:19  Pylon  
  14  0:24  Probe  
  15  0:33  Probe  
  15  0:41  Probe  
  16  0:43  Gateway  
  16  0:47  Assimilator  
  17  0:51  Probe  
  18  1:03  Probe  
  19  1:15  Probe  
  20  1:25  Nexus  
  20  1:34  Cybernetics Core  
  20  1:38  Probe  
  21  1:43  Assimilator  
  21  1:50  Probe  
  21  1:53  Pylon  
  22  2:02  Adept, Probe  
  23  2:14  Probe  
  26  2:20  Stargate  
  26  2:26  Probe  
  26  2:29  Warp Gate  
  27  2:32  Adept  
  27  2:37  Probe  
  29  2:41  Probe  
  30  2:45  Probe  
  30  2:49  Probe  
  32  2:53  Probe  
  34  2:58  Phoenix  
  34  2:59  Probe  
  34  3:05  Probe  
  38  3:09  Pylon  
  38  3:11  Probe  
  39  3:14  Oracle  
  39  3:17  Probe  
  40  3:23  Probe  
  44  3:27  Gateway  
  44  3:29  Probe  
  45  3:35  Assimilator  
  45  3:36  Probe  
  45  3:37  Assimilator  
  45  3:41  Probe  
  47  3:45  Oracle  
  47  3:47  Pylon  
  47  3:48  Probe  
  48  3:53  Probe  
  52  4:00  Probe  
  53  4:04  Robotics Facility  
  53  4:05  Probe  
  54  4:12  Oracle  
  54  4:17  Probe x2  
  54  4:23  Pylon  
  59  4:42  Gateway x2, Adept x2  
  59  4:43  Immortal  
  59  4:45  Gateway  
  63  4:49  Gateway  
  67  5:03  Pylon  
  67  5:04  Sentry, Pylon  
  69  5:16  Observer  
  69  5:22  Sentry  
  68  5:39  Sentry  
  68  5:40  Sentry  
  68  5:41  Sentry x2  
  73  5:43  Probe x2  
  73  5:44  Warp Prism  
  73  5:49  Adept x2  
  81  5:54  Nexus  
  81  5:56  Pylon  
  81  5:59  Pylon  
  81  6:00  Pylon  
  81  6:02  Probe  
  81  6:03  Probe, Pylon  
  83  6:14  Probe  
  83  6:15  Probe  
  85  6:24  Immortal  
  89  6:27  Probe x2  
  91  6:34  Stalker x6  
  97  6:54  Probe x2  
  93  6:59  Forge, Immortal  
  93  7:01  Twilight Council  
  91  7:02  Probe x2  
  91  7:06  Shield Battery  
  91  7:07  Probe  
  98  7:08  Shield Battery  
  98  7:11  Probe x2  
  100  7:19  Probe  
  101  7:23  Probe  
  101  7:24  Probe  
  103  7:33  Gateway x2  
  103  7:34  Pylon  
  100  7:38  Immortal  
  100  7:40  Probe x2  
  100  7:41  Probe  
  100  7:42  Adept  
  109  7:48  Assimilator  
  109  7:49  Adept, Assimilator  
  109  7:50  Adept  
  113  7:58  Protoss Ground Weapons Level 1  
  113  8:05  Immortal  
  113  8:07  Charge  
  113  8:10  Templar Archives  
  113  8:16  Shield Battery  
  113  8:17  Shield Battery  
  113  8:19  Shield Battery  
  117  8:21  Shield Battery  
  117  8:25  Zealot x2  
  120  8:28  Probe  
  120  8:29  Probe x2  
  123  8:43  Psionic Storm  
  123  8:54  High Templar x3  
  123  8:55  Zealot x4, High Templar  
  133  8:59  Pylon  
  133  9:00  Pylon  
  133  9:02  Photon Cannon  
  133  9:11  Immortal  
  127  9:20  Zealot x4  
  135  9:33  High Templar x4  
  143  9:49  Zealot x4  
  143  10:08  High Templar x4  
  143  10:11  Pylon  
  143  10:13  Zealot, Archon x2, Pylon  
  143  10:14  Zealot x2  
  157  10:15  Pylon  
  157  10:18  Protoss Ground Weapons Level 2  
  141  10:29  Nexus  
  141  10:30  Pylon  
  133  10:38  Archon  
  133  10:41  Immortal  
  133  10:42  High Templar x2, Zealot x2  
  137  10:43  Zealot x4  
  137  10:45  Probe x3  
  137  10:47  Photon Cannon  
  137  10:48  Archon  
  140  11:07  Zealot x5  
  140  11:08  Zealot  
  146  11:22  Archon  
  146  11:24  High Templar x2  
  147  11:26  Probe x3  
  147  11:30  Immortal  
  154  11:39  Zealot x5  
  162  11:46  Zealot  
  164  11:53  Probe x4  
  165  11:54  Fleet Beacon  
  165  11:56  Stargate  
  165  11:58  Stargate  
  165  12:06  Probe  
  165  12:07  Probe x3  
  169  12:15  Photon Cannon  
  167  12:16  Shield Battery  
  163  12:25  Zealot x5  
  165  12:31  Mothership  
  165  12:34  Assimilator  
  165  12:35  Assimilator  
  161  12:38  Zealot x2  
  161  12:39  Zealot  
  161  12:43  Observer  
  141  13:15  Carrier x3  
  141  13:22  High Templar x3  
  141  13:23  High Templar  
  141  13:27  Zealot x2, Archon x2  
  167  13:31  Zealot  
  173  13:36  Zealot  
  173  13:51  Zealot x2  
  177  14:02  Zealot x4  
  183  14:06  Nexus  
  174  14:28  Nexus  
  168  15:15  Pylon  
  168  15:17  Pylon  
  168  15:19  Pylon  
  166  15:22  High Templar  
  166  15:23  High Templar x6  
  180  15:30  Archon x2  
  180  15:40  Archon  
  171  15:55  Zealot  
  171  15:56  Zealot x6  
  161  16:12  Carrier x2  
  161  16:20  Carrier  
  161  16:21  High Templar x5  
  161  16:22  High Templar, Zealot  
  161  16:24  Archon  
  161  16:25  Archon x2  
  193  17:03  Cybernetics Core  
  193  17:06  Cybernetics Core  
  193  17:09  Carrier x2  
  169  17:16  Carrier  
  165  17:25  Nexus  
  165  17:29  Pylon  
  171  17:30  Zealot x5  
  179  17:47  High Templar x2  
  179  17:49  Shield Battery  
  179  17:51  Archon  
  183  17:52  Shield Battery  
  183  17:53  Photon Cannon  
  183  17:55  Zealot x3  
Tags
 
Add a new tag
Caveats
  • Supply blocks, unpowered buildings, or Contaminate may cause inaccurate times.
  • Supply counts are checked every 10 seconds.